 Dungeon Crawl Stone Soup version 0.16-a0-3643-g096a701 (webtiles) character file.

1598 PolkaDot the Martial Artist (level 8, -2/71 HPs)
             Began as a Yellow Draconian Monk on Jan 16, 2015.
             Was a Priest of Dithmenos.
             Killed from afar by an orc wizard (4 damage)
             ... with a puff of flame
             ... on level 5 of the Dungeon.
             The game lasted 00:17:39 (7002 turns).

PolkaDot the Martial Artist (Yellow Draconian Monk) Turns: 7002, Time: 00:17:40

Health: -2/71      AC:  7    Str: 14    XL:     8   Next: 62%
Magic:  8/8        EV: 14    Int: 12    God:    Dithmenos [***...]
Gold:   292        SH:  0    Dex: 12    Spells: 1 memorised, 2 levels left

rFire  . . .     SeeInvis .       - Unarmed
rCold  . . .     Clarity  .     (armour unavailable)
rNeg   . . .     SustAb   .     (no shield)
rPois  .         Gourm    .     s - +0 hat
rElec  .         Spirit   .     (no cloak)
rCorr  +         Warding  .     l - +0 pair of gloves
rMut   .         Stasis   .     (no boots)
MR     .....                    (no amulet)
Stlth  ++........               (no ring)
                                o - ring of wizardry

@: wreathed by umbra, not resistant to hostile enchantments, unstealthy
A: spit acid, acid resistance, unfitting armour, clumsy 1, cold-blooded, AC +6
a: Spit Acid, Shadow Step, Renounce Religion


You were on level 5 of the Dungeon.
You worshipped Dithmenos.
Dithmenos was most pleased with you.
You were not hungry.

You visited 1 branch of the dungeon, and saw 6 of its levels.

You collected 292 gold pieces.

Inventory:

Armour
 l - a +0 pair of gloves (worn)
 s - a +0 hat (worn)
Jewellery
 o - a ring of wizardry (left hand)
Magical devices
 d - a wand of fireball (2)
 q - a wand of invisibility (0)
Scrolls
 c - a scroll of amnesia
 e - a scroll of noise {unknown}
 g - 2 scrolls of identify
 j - 2 scrolls of teleportation
 k - 3 scrolls of remove curse {unknown}
 m - 2 scrolls of blinking {unknown}
 n - a scroll of enchant armour {unknown}
 r - a scroll of fear {unknown}
Comestibles
 a - 4 meat rations
 b - 4 bread rations
 f - a chunk of flesh
 h - a royal jelly
 i - 2 beef jerkies


   Skills:
 + Level 6.5 Fighting
 + Level 5.3 Dodging
 - Level 1.7 Stealth
 * Level 8.4 Unarmed Combat
 + Level 3.2 Transmutations


You had 2 spell levels left.
You knew the following spells:

 Your Spells              Type           Power        Failure   Level  Hunger
b - Blade Hands           Trmt           #.........   92%         5    ######.


Dungeon Overview and Level Annotations

Branches:
Dungeon (6/15)             Temple (0/1) D:6

Altars:
Dithmenos
Elyvilon
Ru
Trog
Yredelemnul


Innate Abilities, Weirdness & Mutations

You can spit globs of acid.
You can corrode armour when you spit acid.
You are resistant to acid.
Your golden yellow scales are hard (AC +6).
Your body does not fit into most forms of armour.
Your cold-blooded metabolism reacts poorly to cold.
You are clumsy. (Dex -2)


Message History

The orc wizard gestures at you while chanting.
The magic dart hits you!
* * * LOW HITPOINT WARNING * * *
The orc wizard points at you and mumbles some strange words.
The puff of flame hits you!
* * * LOW HITPOINT WARNING * * *
There is a stone staircase leading up here.
The orc wizard barely misses you.
The orc wizard hits you but does no damage.
The orc priest mumbles some strange prayers to Beogh against you.
Something smites you!
* * * LOW HITPOINT WARNING * * *
You climb upwards.
There is a stone staircase leading down here.
You aren't carrying any potions.
Evoke which item? (* to show all) (? for menu, Esc to quit)
Okay, then.
The orc wizard gestures at you while chanting.
The puff of flame hits you!
You die...

#...........)...#.###
#...............#..)#
#.....).........(...#
#.............(.##..####
#...............###....##
##.[........>...#####...#
##......(....#...##.....
######.########...§#.#.
#@# ##..#§§§# #>##
#.#§#§#§ #.o# #.§§§§.§
##.# ###§#§#§ #.## ##§§§#
#..# ##.#§ ##.# #... #.#
###. ##.## #.


You could see an orc wizard.

Vanquished Creatures
  The ghost of cribozai the Ruffian, an average MiTm (D:4)
  An ice beast (D:5)
  An ogre (D:5)
  A sky beast (D:6)
  Sigmund (D:2)
  2 centaurs (D:5)
  2 goliath beetles (D:6)
  2 crimson imps
  A centaur skeleton (D:5)
  An iguana (D:4)
  3 orc priests
  3 hounds (D:6)
  9 orc wizards
  Natasha (twice) (D:3)
  3 worker ants (D:4)
  Terence (D:2)
  Robin (D:2)
  7 adders
  A shadow imp (D:5)
  A giant mite (D:1)
  A worm (D:5)
  6 giant geckos
  3 oozes
  18 orcs
  2 ball pythons
  2 bat skeletons
  4 giant cockroaches
  10 hobgoblins
  8 jackals
  A quokka (D:3)
  27 bats
  3 giant newts
  20 goblins
  12 kobolds
  A quokka skeleton (D:5)
  14 rats
  A butterfly (D:6)
177 creatures vanquished.

Vanquished Creatures (others)
  An orc (D:6)
  A giant spore (D:6)
  A ballistomycete (D:6)
3 creatures vanquished.

Grand Total: 180 creatures vanquished

Notes
Turn   | Place    | Note
--------------------------------------------------------------
     0 | D:1      | PolkaDot, the Draconian Monk, began the quest for the Orb.
     0 | D:1      | Reached XP level 1. HP: 19/19 MP: 1/1
   296 | D:1      | Reached XP level 2. HP: 19/26 MP: 2/2
   631 | D:1      | Reached XP level 3. HP: 29/31 MP: 3/3
  1305 | D:2      | Noticed Sigmund
  1359 | D:2      | Killed Sigmund
  1359 | D:2      | Reached skill level 5 in Unarmed Combat
  1359 | D:2      | Reached XP level 4. HP: 18/40 MP: 4/4
  1359 | D:2      | Reached XP level 5. HP: 20/46 MP: 5/5
  1793 | D:2      | Noticed Terence
  1831 | D:2      | Killed Terence
  1926 | D:2      | You fall through a shaft for 2 floors!
  2631 | D:4      | Found a basalt altar of Yredelemnul.
  2636 | D:4      | Noticed cribozai's ghost (average MiTm)
  2799 | D:4      | Found a bloodstained altar of Trog.
  2876 | D:5      | Entered Level 5 of the Dungeon
  2980 | D:5      | Found a shadowy altar of Dithmenos.
  2994 | D:5      | Reached XP level 6. HP: 49/53 MP: 6/6
  3033 | D:5      | Noticed an ice beast
  3075 | D:5      | Killed an ice beast
  3075 | D:5      | Reached skill level 6 in Unarmed Combat
  3400 | D:5      | Noticed a centaur
  3404 | D:5      | Found a sacrificial altar of Ru.
  3410 | D:5      | Killed a centaur
  3629 | D:5      | Learned a level 5 spell: Blade Hands
  3680 | D:5      | Reached skill level 5 in Fighting
  3711 | D:5      | Found a white marble altar of Elyvilon.
  3711 | D:5      | Noticed a centaur
  3730 | D:5      | Killed a centaur
  3730 | D:5      | Your scales start taking on a golden yellow colour.
  3730 | D:5      | Reached XP level 7. HP: 53/61 MP: 7/7
  3865 | D:5      | Reached skill level 1 in Transmutations
  3869 | D:5      | Noticed an ogre
  3880 | D:5      | Killed an ogre
  3975 | D:5      | Reached skill level 7 in Unarmed Combat
  4239 | D:5      | Became a worshipper of Dithmenos the Shadowed
  4239 | D:5      | Acquired Dithmenos' first power
  4780 | D:3      | Noticed Natasha
  4789 | D:3      | Killed Natasha
  4896 | D:3      | Noticed Natasha
  4900 | D:3      | Killed Natasha
  5287 | D:2      | Noticed Robin
  5304 | D:2      | Killed Robin
  5315 | D:2      | Acquired Dithmenos' second power
  5839 | D:4      | Reached XP level 8. HP: 58/70 MP: 8/8
  5996 | D:4      | Killed cribozai's ghost
  6376 | D:6      | Reached skill level 5 in Dodging
  6376 | D:6      | Reached skill level 8 in Unarmed Combat
  6383 | D:6      | Found a staircase to the Ecumenical Temple.
  6953 | D:6      | Gained mutation: You are clumsy. (Dex -2) [mutagenic meat]
  7000 | D:6      | HP: 1/71 [orc priest/divine providence (13)]
  7002 | D:5      | Killed from afar by an orc wizard

Action                   |  1- 3 |  4- 6 |  7- 9 || total
-------------------------+-------+-------+-------++-------
Melee: Unarmed           |   138 |   204 |   387 ||   729
 Abil: Spit Acid         |       |       |     7 ||     7
Evoke: Wand              |       |       |     1 ||     1
  Use: Potion            |     4 |     2 |     4 ||    10
       Scroll            |       |     3 |     1 ||     4
 Stab: Sleeping          |     3 |     2 |     2 ||     7
  Eat: Chunk             |     1 |     4 |    13 ||    18
       Bread ration      |       |     1 |       ||     1
